AoeStats
← [CL] Al3jandr0.magn00

MegaRandom

503600846Analyzed
1v1 RM · 1mo ago on Sep 1, 2026· 49m 22s· 2 players
Game mode
Random Map
Map size
Tiny (2 player)
Population
200
Speed
Normal
Resources
Standard
Victory
Conquest
Starting age
Dark Age
Ending age
Imperial Age
RankedLock teamsTeams togetherTeam positionsShared explorationLock speedFull tech treeHidden civsTurbo modeCheats
Victory
Defeat
🇧🇷 Bulgarians · Brazil
1957
+14
🇦🇷 Italians · Argentina
1908
-14
[CL] Al3jandr0.magn00
3:24 Loom
9:09 Feudal Age
9:48 Double-Bit Axe
11:40 Town Watch
18:48 Castle Age
19:27 Fletching
19:56 Medium Warships
26:32 Wheelbarrow
30:07 Redemption
39:48 Imperial Age
Crankshaft
9:47 Loom
11:57 Feudal Age
16:04 Castle Age
15:02 Double-Bit Axe
15:17 Town Watch
17:27 Wheelbarrow
21:19 Fletching
24:19 Bodkin Arrow
25:41 Bow Saw
29:36 Horse Collar
32:02 Heavy Plow
33:18 Scale Barding Armor
34:32 Hand Cart
37:43 Elite Skirmisher
39:47 Padded Archer Armor
44:01 Imperial Age
42:25 Leather Archer Armor
44:11 Stirrups
44:38 Chain Barding Armor
44:29 Forging
45:12 Bracer
46:06 Bloodlines
47:23 Chemistry
47:25 Conscription
47:31 Husbandry
46:51 Cavalier
49:58 Plate Barding Armor
50:31 Iron Casting
Connection lost

Rejoining the realm…

Still unreachable

The connection could not be restored.

Session expired

The server has moved on; the page needs a fresh start.